 Dungeon Crawl Stone Soup version 0.19-a0-965-g50bf062 (webtiles) character file.

427 Yakui the Cudgeler (level 6, -6/48 HPs)
             Began as a Mummy Gladiator on July 12, 2016.
             Was an Initiate of Gozag.
             Hit by a stone thrown by an orc warrior (12 damage)
             ... on level 5 of the Dungeon.
             The game lasted 00:13:10 (4427 turns).

Yakui the Cudgeler (Mummy Gladiator)                Turns: 4427, Time: 00:13:11

Health: -6/48      AC:  8    Str: 18    XL:     6   Next: 65%
Magic:  6/6        EV: 12    Int:  8    God:    Gozag
Gold:   85         SH:  0    Dex: 14    Spells: 0 memorised, 5 levels left

rFire  x . .     SeeInvis .     e - +0 mace
rCold  + . .     Gourm    .     g - +0 ring mail
rNeg   + + +     Faith    .     (no shield)
rPois  ∞         Spirit   .     c - +0 helmet
rElec  .         Dismiss  .     (no cloak)
rCorr  .         Reflect  .     (no gloves)
SustAt .         Harm     .     b - +1 pair of boots
MR     .....                    (no amulet)
Stlth  +.........               (no ring)
                                (no ring)

@: not resistant to hostile enchantments, very unstealthy
A: no food or potions, fire vulnerability, cold resistance 1, negative energy
resistance 3, torment resistance, unbreathing
a: Potion Petition, Call Merchant, Bribe Branch, Renounce Religion


You were on level 5 of the Dungeon.
You worshipped Gozag.
Gozag was noncommittal.
You were not hungry.

You visited 2 branches of the dungeon, and saw 6 of its levels.

You collected 267 gold pieces.
You spent 138 gold pieces at shops.
You paid 44 gold pieces to Gozag.

Inventory:

Hand Weapons
 a - a +0 flail
 e - a +0 mace (weapon)
Missiles
 d - 3 throwing nets (quivered)
Armour
 b - a +1 pair of boots (worn)
 c - a +0 helmet (worn)
 g - a +0 ring mail (worn)
Scrolls
 f - 4 scrolls of remove curse
 h - a scroll of immolation
 i - a scroll of identify
 j - a scroll of enchant armour


   Skills:
 + Level 3.8 Fighting
 * Level 4.8 Maces & Flails
 - Level 1.5 Throwing
 + Level 3.7 Dodging


You had 5 spell levels left.
You didn't know any spells.

Dungeon Overview and Level Annotations

Branches:
Dungeon (5/15)             Temple (1/1) D:4

Altars:
Ashenzari
Dithmenos
Elyvilon
Gozag
Hepliaklqana
Makhleb
Nemelex Xobeh
Pakellas
Qazlal
Ru
Sif Muna
Trog
Uskayaw
Vehumet
Zin
The Shining One

Shops:
D:4 (*


Innate Abilities, Weirdness & Mutations

You do not eat or drink.
Your flesh is vulnerable to fire.
You are immune to poison.
Your flesh is cold resistant. (rC+)
You are immune to negative energy. (rN+++)
You are immune to unholy pain and torment.
You can survive without breathing.


Message History

The orc priest barely misses you. The orc priest hits you with a dagger.
The orc warrior throws a stone.
The stone hits you!
* * * LOW HITPOINT WARNING * * *
The orc warrior throws a stone.
The stone closely misses you. The orc priest hits you with a dagger.
* * * LOW HITPOINT WARNING * * *
As you read the scroll of fog, it crumbles to dust.
The scroll dissolves into smoke.
The orc priest calls down the wrath of Beogh upon you.
You struggle to resist.
The orc priest mumbles some strange prayers to Beogh against you.
You struggle to resist.
The orc warrior throws a stone.
The stone misses you.
You see here a stone.
The orc warrior throws a stone.
The stone hits you but does no damage.
You see here a stone.
The orc warrior throws a stone.
The stone hits you!
You die...
Your body crumbles into a pile of gold.

### ####..# ##∩##
##...# #.§§##
#§...#
#§§§§###§o..#
......##§o§##§§o.##
.......##§###§§#.#
.......##§§#§§##(#
$
........##§§§###(#
......#..##§## #@#
...#.##..#######.#
...>........#....#
..........#...####
.....####.##.##
#.#..# #.##.#
#.#..####.##.#
#............#
###..####.....


You could see an orc warrior and an orc priest.

Vanquished Creatures
  A hound (D:5)
  An orc wizard (D:5)
  Jessica (D:3)
  Terence (D:3)
  Natasha (thrice) (D:2)
  An iguana (D:4)
  A hound skeleton (D:4)
  Robin (D:4)
  8 adders
  A shadow imp (D:5)
  An ooze (D:2)
  6 worms
  2 dart slugs
  2 giant geckos
  6 bats
  8 giant cockroaches
  6 goblins
  7 hobgoblins
  8 jackals
  2 quokkas
  A ball python (D:3)
  3 giant newts
  19 kobolds
  9 rats
99 creatures vanquished.

Vanquished Creatures (others)
  A ball python (D:3)
1 creature vanquished.

Grand Total: 100 creatures vanquished

Notes
Turn   | Place    | Note
-------+----------+-------------------------------------------
     0 | D:1      | Yakui the Mummy Gladiator began the quest for the Orb.
     0 | D:1      | Reached XP level 1. HP: 16/16 MP: 1/1
   141 | D:1      | Reached XP level 2. HP: 19/22 MP: 2/2
   892 | D:1      | Reached XP level 3. HP: 27/28 MP: 3/3
   990 | D:1      | Reached skill level 3 in Maces & Flails
  1296 | D:2      | Found an oddly glowing altar of Pakellas.
  1546 | D:2      | Reached XP level 4. HP: 33/34 MP: 4/4
  2050 | D:2      | Noticed Natasha
  2055 | D:2      | Killed Natasha
  2276 | D:2      | Noticed Natasha
  2286 | D:2      | Killed Natasha
  2286 | D:2      | Reached XP level 5. HP: 25/41 MP: 5/5
  2452 | D:2      | Noticed Natasha
  2460 | D:2      | Killed Natasha
  2518 | D:3      | Reached skill level 4 in Maces & Flails
  2545 | D:3      | Noticed Jessica
  2553 | D:3      | Killed Jessica
  2555 | D:3      | Found a white marble altar of Elyvilon.
  2683 | D:3      | Found a faded altar of an unknown god.
  2962 | D:3      | Noticed Terence
  2982 | D:3      | Killed Terence
  2982 | D:3      | Reached XP level 6. HP: 43/47 MP: 6/6
  3062 | D:4      | Found a staircase to the Ecumenical Temple.
  3070 | Temple   | Entered the Ecumenical Temple
  3381 | Temple   | Became a worshipper of Gozag Ym Sagoz the Greedy
  3672 | D:4      | Found Wihomir's Weapon Emporium.
  3676 | D:4      | Bought a +0 mace for 30 gold pieces
  3915 | D:4      | Found Kickapso's Assorted Antiques.
  3928 | D:4      | Noticed Robin
  3960 | D:4      | Killed Robin
  4004 | D:4      | Found a shadowy altar of Dithmenos.
  4252 | D:4      | Bought a scroll of identify for 54 gold pieces
  4252 | D:4      | Bought a scroll labeled YKOFRI ROMI for 27 gold pieces
  4252 | D:4      | Bought a scroll labeled YKOFRI ROMI for 27 gold pieces
  4277 | D:5      | Entered Level 5 of the Dungeon
  4375 | D:5      | Noticed an orc warrior
  4399 | D:5      | Found a burning altar of Makhleb.
  4427 | D:5      | Hit by a stone thrown by an orc warrior

Vault maps used:
D:1:      lemuel_arrival_muddy, nrook_loot_triangle,
          wad_floor_pattern_untrapped, grunt_decor_one_mirror,
          solitary_fountain, minmay_misc_feat_enclosed
D:2:      lemuel_doored_altar, first_bread, minmay_misc_feat_rugged,
          uniq_natasha
D:3:      nicolae_overflow_crystal_walls, ecumenical_altar_2, uniq_jessica,
          uniq_terence
D:4:      overflow_temple_1_default, serial_shops, shop,
          nicolae_shop_statue_plus, eino_small_chamber_without_monster,
          uniq_robin
D:5:      makhleb_blood_cavern_becter, overflow_temple_1_default, minivault_23,
          guppyfry_early_orc_mine
Temple:   minmay_temple_forest_path

Skill      XL: |  1  2  3  4  5 |
---------------+----------------+-----
Maces & Flails | 3 4 |  4.8
Fighting       | 3 |  3.8
Dodging        | 3 |  3.7
Throwing       | |  1.5

Action                   |  1- 3 |  4- 6 || total
-------------------------+-------+-------++-------
Melee: Flail             |   120 |   150 ||   270
       Mace              |       |    80 ||    80
  Use: Scroll            |       |    12 ||    12
 Stab: Sleeping          |       |     1 ||     1
Armor: Leather armour    |    46 |    26 ||    72
       Ring mail         |       |    75 ||    75
Dodge: Dodged            |    81 |   156 ||   237
